 Dungeon Crawl Stone Soup version 0.27.1-3-gb3d3a73c9e (webtiles) character file.

Game seed: 13153334710317007358

35 AarnesTheHuman the Covered (level 3, -2/27 (30) HPs)
             Began as a Barachi Fighter on Oct 27, 2021.
             Slain by a wight (7 damage)
             ... on level 3 of the Dungeon.
             The game lasted 00:01:57 (1019 turns).

AarnesTheHuman the Covered (Barachi Fighter)        Turns: 1019, Time: 00:01:58

HP:   -2/27 (30)    AC:  7    Str: 18    XL:     3   Next: 35%
MP:   3/3           EV:  7    Int:  8    God:
Gold: 62            SH:  9    Dex: 11    Spells: 2/2 levels left

rFire    . . .     SeeInvis .   a - +0 long sword
rCold    + . .     Faith    .   c - +0 kite shield
rNeg     . . .     Spirit   .   b - +0 scale mail
rPois    .         Reflect  .   (no helmet)
rElec    .         Harm     .   (no cloak)
rCorr    .         Rampage  .   (no gloves)
Will     .....                  (no boots)
Stlth    ..........             i - amulet of regeneration
HPRegen  1.09/turn              e - ring of protection from cold
MPRegen  0.08/turn              (no ring)

@: mighty, heavily drained, slow
A: amphibious, slowness 1, strong legs 1, +LOS
a: Hop


You were on level 3 of the Dungeon.
You visited 1 branch of the dungeon, and saw 3 of its levels.

You collected 62 gold pieces.

Inventory:

Hand Weapons
 a - a +0 long sword (weapon)
 g - a +0 hunting sling
 n - a +4 short sword
Missiles
 m - 20 stones
Armour
 b - a +0 scale mail (worn)
 c - a +0 kite shield (worn)
Jewellery
 e - a ring of protection from cold (left hand)
 i - an amulet of regeneration (around neck)
Scrolls
 h - 3 scrolls of identify {unknown}
 k - a scroll of teleportation {unknown}
Potions
 f - a potion of haste {unknown}
 j - a potion of lignification {unknown}
 l - a potion of attraction {unknown}
 o - a potion of degeneration {unknown}
 p - a potion of curing {unknown}


   Skills:
 + Level 4.0 Fighting
 + Level 3.0 Long Blades
 + Level 4.0 Armour
 * Level 3.9 Shields


You had 2 spell levels left.
You didn't know any spells.
Your spell library was empty.

Dungeon Overview and Level Annotations

Branches:
Dungeon (2/15)

Altars:


Innate Abilities, Weirdness & Mutations

You are amphibious.
You cover ground slowly.
You can hop short distances.
You have an extended range of vision and can be seen from far away.


Message History

The wight is moderately damaged.
You block the wight's attack. x3
You hit the wight but do no damage.
The wight is moderately damaged.
You block the wight's attack.
The wight hits you with a +0 short sword.
You hit the wight but do no damage.
The wight is moderately damaged.
The wight hits you from afar with a +0 trident.
You block the wight's attack. x2
You feel very mighty all of a sudden. You block the wight's attack.
The wight hits you from afar with a +0 trident!
You hit the wight.
The wight is severely damaged.
The wight hits you with a +0 short sword.
The wight hits you from afar with a +0 trident!
* * * LOW HITPOINT WARNING * * *
You feel drained.
* * * LOW HITPOINT WARNING * * *
The wight barely misses you.
You closely miss the wight.
The wight is severely damaged.
You block the wight's attack.
The wight hits you with a +0 short sword.
* * * LOW HITPOINT WARNING * * *
You feel drained. The wight barely misses you.
You hit the wight.
The wight is almost destroyed.
The wight barely misses you.
You riposte.
You closely miss the wight.
The wight is almost destroyed.
You block the wight's attack.
The wight hits you with a +0 short sword.
* * * LOW HITPOINT WARNING * * *
You feel drained.
* * * LOW HITPOINT WARNING * * *
You closely miss the wight.
The wight is almost destroyed.
The wight hits you from afar with a +0 trident!
You die...

....# #....< ....#
#....# ....#
#....# ....#
#....### ...##
...... ....# #....
....# .z. ....# #
#z# ....####.####
#@#
............####.#
.....######..#...#
....###........###
...#....#####...#
.....#### ###.#
.......# ...
.....#.### .....
.........# ######


You could see 2 wights.

Vanquished Creatures
  A dart slug (D:3)
  A ball python (D:3)
  6 endoplasms
  2 goblins (D:1)
  3 hobgoblins
  6 jackals (D:1)
  4 kobolds
  A bat (D:1)
  3 rats (D:1)
27 creatures vanquished.

Notes
Turn   | Place    | Note
-------+----------+-------------------------------------------
     0 | D:1      | AarnesTheHuman the Barachi Fighter began the quest for the
                  | Orb.
     0 | D:1      | Reached XP level 1. HP: 18/18 MP: 1/1
   152 | D:1      | Reached XP level 2. HP: 25/25 MP: 2/2
   357 | D:1      | Found a faded altar of an unknown god.
   796 | D:2      | Reached XP level 3. HP: 30/30 MP: 3/3
   937 | D:2      | You fall into a shaft and drop 1 floor!
  1019 | D:3      | Slain by a wight

Illustrated notes

Levels and vault maps discovered:
D:1:      kennysheep_arrival_seaside, layout_basic,
          shapermc_ecumenical_altar_acropolis, chequers_serial_rivers_small_a,
          hex_intersection
D:2:      wander_river, layout_loops_corners, nrook_mini_backslash
D:3:      layout_rooms, tgw_sif, general_overflow_altar, portal_sewer_entry_f

Skill      XL: |  1  2  3 |
---------------+----------+-----
Armour         | 4 |  4.0
Fighting       | 4 |  4.0
Long Blades    | 3 |  3.0
Shields        | |  3.9

Action                   || total
-------------------------++-------
Melee: Long sword        ||    68
  Use: Potion            ||     1
Armor: Scale mail        ||    34
Dodge: Dodged            ||    31
Block: Kite shield       ||    38
       Rpst.: Long sword ||    10
